 Dungeon Crawl Stone Soup version 0.31-a0-196-g86fe4a5e66 (webtiles) character file.

Game seed: 6292834807242094984

35 qw the Shooter (level 3, -4/20 HPs)
             Began as a Deep Elf Hunter on June 24, 2023.
             Slain by Terence
             ... wielding a +0 flail
              (8 damage)
             ... on level 2 of the Dungeon.
             The game lasted 00:00:19 (736 turns).

qw the Shooter (Deep Elf Hunter)                     Turns: 736, Time: 00:00:20

Health: -4/20      AC:  7    Str: 10    XL:     3   Next: 16%
Magic:  5/5        EV: 11    Int: 13    God:
Gold:   96         SH:  0    Dex: 18    Spells: 2/2 levels left

rFire   . . .        Y - +0 shortbow
rCold   . . .        (shield currently unavailable)
rNeg    . . .        j - +0 ring mail
rPois   .            (no helmet)
rElec   .            (no cloak)
rCorr   .            m - +0 pair of gloves
SInv    .            d - +0 pair of boots
Will    .....        (no amulet)
Stlth   +            (no ring)
HPRegen 0.23/turn    (no ring)
MPRegen 0.09/turn

%: no passive effects
@: no status effects
A: no striking features
a: no special abilities


You were on level 2 of the Dungeon.
You visited 1 branch of the dungeon, and saw 2 of its levels.

You collected 96 gold pieces.


   Skills:
 - Level 1.5 Fighting
 + Level 6.7 Ranged Weapons
 - Level 2.4 Dodging
 - Level 1.2 Stealth


You had 2 spell levels left.
You didn't know any spells.
Your spell library was empty.

Inventory:

Hand Weapons
 Y - a +0 shortbow (weapon)
Armour
 d - a +0 pair of boots (worn)
 j - a +0 ring mail (worn)
 m - a +0 pair of gloves (worn)
Scrolls
 a - a scroll of identify {unknown}
Potions
 f - 2 potions of curing {unknown}
 g - a potion of attraction {unknown}
 h - a potion of mutation {unknown}
 i - a potion of enlightenment {unknown}
 k - a potion of degeneration {unknown}

Dungeon Overview and Level Annotations

Branches:
Dungeon (2/15)

Altars:

Shops:
D:1 [((!   D:2 (

Annotations:
D:2 Terence


Message History

You shoot an arrow. The arrow hits the worm!
The worm is severely wounded.
You shoot an arrow. The arrow hits the worm!
You kill the worm!
You start resting.
HP restored.
You now have 96 gold pieces (gained 6).
Terence the Incautious comes into view.
He is wielding a +0 flail.
You shoot an arrow.
The arrow hits Terence but does no damage.
Terence shouts!
You hear a bark!
A jackal comes into view.
You hear a bark!
You shoot an arrow. The arrow barely misses the jackal.
You shoot an arrow. The arrow misses the jackal.
The jackal bites you.
A jackal comes into view.
You shoot an arrow. The arrow barely misses the jackal.
The arrow hits the jackal.
The jackal is lightly wounded.
The jackal barely misses you. The jackal bites you.
You shoot an arrow.
The arrow hits the jackal but does no damage.
Terence hits you with a +0 flail.
You shoot an arrow.
The arrow hits the jackal but does no damage.
The jackal is lightly wounded.
The jackal misses you. Terence barely misses you.
The jackal closely misses you.
You shoot an arrow. The arrow barely misses the jackal.
The jackal bites you but does no damage.
Terence says, "Don't bother to defend, it's pointless."
Terence barely misses you.
You shoot an arrow. The arrow barely misses the jackal.
The jackal barely misses you. Terence hits you with a +0 flail!
The jackal barely misses you.
You shoot an arrow. The arrow barely misses the jackal.
The jackal bites you but does no damage.
Terence hits you with a +0 flail. Terence hits you with a +0 flail!
You die...

.. # .# .#
####.##.#
####.......
........= #..#..#
. #.h#..#...#
#h@@.....#
#.##......#
#.##.##.#.. #.##.#
# #.##.# #
#######.##.##.#)#
............#.#.##
......####..#....:
..###.........#


You could see Terence and 2 jackals.

Vanquished Creatures
  An adder (D:2)
  A worm (D:2)
  A dart slug (D:1)
  A ball python (D:1)
  An endoplasm (D:1)
  5 goblins (D:1)
  2 hobgoblins (D:1)
  A quokka (D:1)
  2 bats (D:1)
  A frilled lizard (D:1)
  2 kobolds (D:1)
  2 rats
20 creatures vanquished.

Notes
Turn   | Place    | Note
-------+----------+-------------------------------------------
     0 | D:1      | qw the Deep Elf Hunter began the quest for the Orb.
     0 | D:1      | Reached XP level 1. HP: 12/12 MP: 3/3
     0 | D:1      | 0 ||| qw: Version: 0.3-a-9-g12657ce
     0 | D:1      | 0 ||| qw: Game counter: 4839
     0 | D:1      | 0 ||| qw: Always use a shield: true
     0 | D:1      | 0 ||| qw: God list: Okawaru
     0 | D:1      | 0 ||| qw: Allow faded altars: false
     0 | D:1      | 0 ||| qw: Do Orc after D:15 true
     0 | D:1      | 0 ||| qw: Do second Lair branch before Depths: true
     0 | D:1      | 0 ||| qw: Lair rune preference: random
     0 | D:1      | 0 ||| qw: Plans: Normal
     0 | D:1      | 0 ||| PLANNING D:1-11
    32 | D:1      | Found Lakotrad's Weapon Emporium.
    40 | D:1      | 40 ||| SHOPLISTING +1 orcbow of flaming (133 gold, have 0).
    45 | D:1      | Found Eschauk's Distillery.
    57 | D:1      | 57 ||| SHOPLISTING 2 potions of curing (60 gold, have 0).
    57 | D:1      | 57 ||| SHOPLISTING potion of cancellation (80 gold, have
                  | 0).
    57 | D:1      | 57 ||| SHOPLISTING potion of curing (30 gold, have 0).
    57 | D:1      | 57 ||| SHOPLISTING potion of haste (100 gold, have 0).
    67 | D:1      | Reached skill level 6 in Ranged Weapons
    67 | D:1      | Reached XP level 2. HP: 16/16 MP: 4/4
    88 | D:1      | Found Ceum's Armour Shop.
    89 | D:1      | Found Tueliad's Weapon Emporium.
   124 | D:1      | 124 ||| SHOPLISTING +0 cloak (54 gold, have 8).
   124 | D:1      | 124 ||| SHOPLISTING +0 ring mail (48 gold, have 8).
   124 | D:1      | 124 ||| SHOPLISTING scarf of resistance (384 gold, have 8).
   547 | D:1      | Found a faded altar of an unknown god.
   562 | D:1      | 562 ||| UPGRADING to +0 pair of boots.
   567 | D:1      | 567 ||| UPGRADING to +0 ring mail.
   577 | D:1      | 577 ||| DROPPING +0 leather armour.
   578 | D:1      | 578 ||| UPGRADING to +0 pair of gloves.
   583 | D:1      | 583 ||| READING scroll labelled ZACIUZX CUMOA.
   584 | D:1      | 584 ||| READING scroll labelled ZESUUM OLOTZOC.
   587 | D:1      | 587 ||| DROPPING scroll of butterflies.
   630 | D:2      | Found Naozal's Weapon Boutique.
   646 | D:2      | Reached XP level 3. HP: 20/20 MP: 5/5
   727 | D:2      | Noticed Terence
   735 | D:2      | HP: 4/20 [Terence/+0 flail (9)]
   736 | D:2      | Slain by Terence

Levels and vault maps discovered:
D:1:      doesnt_arrival_eight_statues, layout_basic, serial_shops, shop, shop,
          shop, shop, shapermc_ecumenical_altar_mp_ritualfount
D:2:      layout_loops_ring, serial_shops, shop, uniq_terence

Skill      XL: |  1 |
---------------+----+-----
Ranged Weapons | 6 |  6.7
Fighting       | |  1.5
Dodging        | |  2.4
Stealth        | |  1.2

Action                     || total
---------------------------++-------
   Fire: Shortbow          ||    70
    Use: Scroll            ||     2
 Armour: Leather armour    ||     5
         Ring mail         ||     4
  Dodge: Dodged            ||    25

Table legend:
 A = Non-vault XP
 B = Vault XP
 C = Vault XP percentage of total XP
 D = Non-vault monster count
 E = Vault monster count
 F = Vault count percentage of total count
                 A         B        C        D         E       F
            +---------+---------+-------+---------+---------+-------
      Total |      50 |       0 |   0.0 |      20 |       0 |   0.0
            +---------+---------+-------+---------+---------+-------
        D:1 |      31 |       0 |   0.0 |      17 |       0 |   0.0
        D:2 |      19 |       0 |   0.0 |       3 |       0 |   0.0
            +---------+---------+-------+---------+---------+-------
